 Dungeon Crawl Stone Soup version 0.23.2-1-ga50397a (webtiles) character file.

Game seed: 3261369988914074479

596 Gazerockf the Covert (level 7, -3/52 HPs)
             Began as a Vampire Assassin on May 5, 2019.
             Slain by Duvessa
             ... wielding a +0 short sword
              (13 damage)
             ... on level 4 of the Dungeon.
             The game lasted 00:17:14 (6338 turns).

Gazerockf the Covert (Vampire Assassin)             Turns: 6338, Time: 00:17:14

Health: -3/52      AC:  2    Str: 10    XL:     7   Next: 17%
Magic:  0/7        EV: 12    Int: 14    God:
Gold:   163        SH:  0    Dex: 17    Spells: 6/6 levels left

rFire    . . .     SeeInvis +   A - +2 dagger (speed)
rCold    . . .     Gourm    .   (no shield)
rNeg     + . .     Faith    .   c - +0 robe
rPois    .         Spirit   +   j - +0 hat
rElec    .         Reflect  .   C - scarf {Spirit}
rCorr    .         Harm     .   (no gloves)
MR       .....                  (no boots)
Stlth    +++++.....             h - amulet of the acrobat
HPRegen  0.17/turn              (no ring)
MPRegen  0.10/turn              (no ring)

@: no status effects
A: fangs 3, see invisible, unbreathing
a: Bat Form


You were on level 4 of the Dungeon.
You were not thirsty.

You visited 1 branch of the dungeon, and saw 5 of its levels.

You collected 163 gold pieces.

Inventory:

Hand Weapons
 a - a +4 dagger
 b - a +0 blowgun
 q - a +3 quarterstaff of chaos
 A - a +2 dagger of speed (weapon)
Missiles
 e - 21 poisoned needles
 f - 2 curare-tipped needles
 B - 7 tomahawks of dispersal (quivered)
Armour
 c - a +0 robe (worn)
 d - a +0 cloak
 j - a +0 hat (worn)
 s - a +1 cloak
 C - a scarf of spirit shield (worn)
Jewellery
 h - an amulet of the acrobat (around neck)
 y - an uncursed amulet of rage {unknown}
Wands
 v - a wand of flame (17)
Scrolls
 i - a scroll of amnesia
 l - 6 scrolls of random uselessness
 n - 3 scrolls of remove curse
Potions
 g - 4 potions of blood
 k - a potion of cancellation {unknown}
 m - 2 potions of curing
 o - 2 potions of degeneration {unknown}
 p - a potion of lignification {unknown}
 t - a potion of flight {unknown}
 u - 2 potions of haste {unknown}
 w - a potion of might {unknown}
 x - a potion of mutation {unknown}
 z - a potion of brilliance {unknown}
Comestibles
 r - 7 rations


   Skills:
 + Level 3.0 Fighting
 * Level 2.7 Short Blades
 - Level 1.5 Throwing
 - Level 1.1 Dodging
 - Level 12.1 Stealth


You had 6 spell levels left.
You didn't know any spells.
Your spell library contained the following spells:

 Spells                   Type           Power        Failure   Level  Hunger
 Animate Skeleton         Necr           N/A          28%         1    ##.....
 Pain                     Necr           #...         28%         1    ##.....
 Regeneration             Chrm/Necr      #.........   65%         3    ####...
 Vampiric Draining        Necr           #.........   65%         3    ####...
 Animate Dead             Necr           N/A          96%         4    #####..


Dungeon Overview and Level Annotations

Branches:
Dungeon (5/15)
 Temple: D:4-7

Altars:
Elyvilon
Fedhas
Hepliaklqana
Qazlal
Trog
Vehumet
The Shining One

Annotations:
D:4 Duvessa


Innate Abilities, Weirdness & Mutations

You have razor-sharp teeth.
You have supernaturally acute eyesight. (SInv)
You can survive without breathing.


Message History

You hit Dowan.
Dowan is almost dead.
Duvessa barely misses you.
You hit Dowan.
Dowan is almost dead.
Dowan hits you with a +0 dagger. Duvessa hits you but does no damage.
You can't go down here!
Duvessa hits you with a +0 short sword! Dowan barely misses you.
You climb upwards.
There is a stone staircase leading down, spattered with blood here.
You hit Dowan.
You kill Dowan!
Duvessa weeps, then rights herself and shakes her weapon.
Duvessa goes berserk!
Your Fighting skill increases to level 3!
Duvessa hits you with a +0 short sword!
* * * LOW HITPOINT WARNING * * *
You can't go up here!
Duvessa hits you with a +0 short sword!
You die...

########### #.........#
#.....(...# ######
#.........# #....#### #####
#.........# #.......###@).#
#.........#
#.<..##....e[.#########.###
#....######.............####
##.### #.....######......
#.## #...#.#######.#...
######..# #...#......####...
#.......## #...######## #...
#........# ##.## ♣...
#........### #.# ### ♣♣..


You could see Duvessa (berserk).

Vanquished Creatures
  Menkaure (D:4)
  A sky beast (D:5)
  Dowan (D:4)
  A hound (D:4)
  An orc priest (D:3)
  Crazy Yiuf (D:4)
  2 orc wizards
  Robin (D:2)
  A gnoll (D:5)
  5 adders
  2 oozes
  4 worms
  5 dart slugs
  4 leopard geckos
  8 orcs
  3 ball pythons
  9 bats
  9 giant cockroaches
  15 goblins
  7 hobgoblins
  2 jackals (D:2)
  5 quokkas
  A ball python skeleton (D:5)
  4 frilled lizards
  6 kobolds
  7 rats
106 creatures vanquished.

Vanquished Creatures (others)
  2 orcs (D:3)
2 creatures vanquished.

Grand Total: 108 creatures vanquished

Notes
Turn   | Place    | Note
-------+----------+-------------------------------------------
     0 | D:1      | Gazerockf the Vampire Assassin began the quest for the Orb.
     0 | D:1      | Reached XP level 1. HP: 16/16 MP: 1/1
    29 | D:1      | Reached skill level 6 in Stealth
   132 | D:1      | Reached XP level 2. HP: 21/22 MP: 2/2
   249 | D:1      | Reached skill level 7 in Stealth
   449 | D:1      | Reached XP level 3. HP: 26/27 MP: 3/3
  1023 | D:2      | Found a glowing golden altar of the Shining One.
  1038 | D:2      | Found a stormy altar of Qazlal.
  1092 | D:2      | Reached skill level 8 in Stealth
  1263 | D:2      | Reached XP level 4. HP: 23/33 MP: 4/4
  1321 | D:2      | Noticed Robin
  1539 | D:2      | Found a hazy altar of Hepliaklqana.
  2002 | D:2      | Found a bloodstained altar of Trog.
  2080 | D:2      | Killed Robin
  2080 | D:2      | Reached skill level 9 in Stealth
  2332 | D:3      | Found a blossoming altar of Fedhas.
  2398 | D:3      | Found a faded altar of an unknown god.
  2867 | D:3      | Reached XP level 5. HP: 38/38 MP: 5/5
  2878 | D:3      | Found a radiant altar of Vehumet.
  3209 | D:3      | Reached skill level 10 in Stealth
  3221 | D:3      | HP: 1/38 [orc wizard/magic dart (6)]
  4263 | D:4      | Noticed Menkaure
  4274 | D:4      | Killed Menkaure
  4274 | D:4      | Reached skill level 11 in Stealth
  4274 | D:4      | Reached XP level 6. HP: 10/44 MP: 6/6
  4913 | D:4      | Found a runed translucent door.
  4914 | D:4      | Noticed Crazy Yiuf
  4947 | D:4      | Found a white marble altar of Elyvilon.
  5024 | D:4      | Killed Crazy Yiuf
  5057 | D:5      | Entered Level 5 of the Dungeon
  5133 | D:5      | Noticed a sky beast
  5292 | D:5      | Reached skill level 12 in Stealth
  5652 | D:5      | Killed a sky beast
  5652 | D:5      | Reached XP level 7. HP: 43/51 MP: 7/7
  5732 | D:5      | Noticed Duvessa
  5735 | D:5      | Noticed Dowan
  6337 | D:4      | Killed Dowan
  6338 | D:4      | Slain by Duvessa

Skill      XL: |  1  2  3  4  5  6  7 |
---------------+----------------------+-----
Stealth        | 6 7 8 9 11 12 | 12.1
Fighting       | 2 3 |  3.0
Short Blades   | |  2.7
Throwing       | |  1.5
Dodging        | |  1.1

Action                   |  1- 3 |  4- 6 |  7- 9 || total
-------------------------+-------+-------+-------++-------
Melee: Dagger            |    92 |   197 |    41 ||   330
       Bite              |     9 |    18 |     5 ||    32
  Use: Potion            |     1 |    12 |     2 ||    15
       Scroll            |       |     8 |       ||     8
 Stab: Sleeping          |    19 |    20 |       ||    39
       Distracted        |       |     2 |       ||     2
Armor: Robe              |     8 |    21 |     3 ||    32
Dodge: Dodged            |    53 |   126 |    11 ||   190
